Map: Data-C

Players

PiLiPiLi

  • Race: Protoss Protoss
  • Spawn Location: 9:00

ByuN - Winner!

  • Race: Terran Terran
  • Spawn Location: 3:00

Event: DreamHack SC2 Masters 2022 Atlanta (Offline)

VOD

Have the link to the VOD?

Description

Time

  • Played on: Nov. 18, 2022, 11:13 a.m.
  • Length: 7:19

All games in this series

Show
View Real Time Build Order
Export as new Build Order

PiLiPiLi Protoss 

Build Orders: 1 Gate Expand, Blink Stalkers 

Get SALT Encoding   

  12  0:00  Probe  
  13  0:12  Probe  
  14  0:17  Pylon  
  14  0:24  Probe (Chrono Boost)  
  15  0:36  Gateway, Probe (Chrono Boost)  
  16  0:44  Probe (Chrono Boost)  
  16  0:46  Assimilator  
  17  0:51  Probe  
  18  1:03  Probe  
  19  1:15  Probe  
  20  1:22  Nexus  
  20  1:32  Cybernetics Core  
  20  1:34  Probe  
  21  1:40  Assimilator  
  21  1:50  Pylon  
  21  1:51  Probe  
  22  2:04  Probe  
  22  2:05  Stalker (Chrono Boost)  
  24  2:08  Warp Gate  
  24  2:20  Probe  
  25  2:25  Stalker (Chrono Boost)  
  27  2:32  Probe  
  27  2:33  Twilight Council  
  27  2:35  Probe  
  29  2:42  Shield Battery  
  29  2:45  Probe  
  29  2:47  Probe  
  31  2:57  Probe  
  32  2:59  Probe  
  32  3:05  Stalker (Chrono Boost), Blink (Chrono Boost)  
  33  3:09  Probe  
  33  3:12  Probe  
  37  3:26  Robotics Facility  
  37  3:27  Probe  
  38  3:38  Probe  
  38  3:39  Probe  
  40  3:50  Gateway  
  40  3:51  Probe, Gateway  
  40  3:52  Probe  
  42  3:58  Stalker, Pylon  
  42  4:02  Pylon  
  44  4:03  Probe  
  44  4:04  Probe  
  46  4:14  Assimilator  
  46  4:16  Observer (Chrono Boost), Probe x2  
  49  4:22  Pylon  
  49  4:23  Stalker  
  51  4:28  Probe  
  51  4:30  Observer (Chrono Boost)  
  41  4:33  Probe  
  42  4:40  Probe  
  42  4:45  Probe, Stalker x2  
  48  4:48  Stalker  
  51  4:53  Probe (Chrono Boost)  
  51  4:57  Probe (Chrono Boost)  
  52  5:05  Gateway  
  53  5:09  Probe (Chrono Boost)  
  53  5:10  Probe (Chrono Boost)  
  54  5:14  Probe (Chrono Boost)  
  54  5:17  Probe (Chrono Boost)  
  54  5:18  Gateway  
  54  5:19  Observer  
  54  5:21  Gateway  
  56  5:23  Probe  
  57  5:29  Probe  
  57  5:30  Warp Prism (Chrono Boost)  
  61  5:35  Probe  
  61  5:41  Probe  
  64  6:00  Stalker x3  
  64  6:01  Stalker  
  70  6:05  Pylon  
  70  6:07  Pylon  
  70  6:08  Pylon  
  60  6:21  Probe x2  
  62  6:32  Zealot x4  
  66  6:33  Stalker x2  
Show
View Real Time Build Order
Export as new Build Order

ByuN Terran - Winner!

Build Orders:  

Get SALT Encoding   

  12  0:00  SCV  
  13  0:12  SCV  
  14  0:17  Supply Depot  
  14  0:24  SCV  
  15  0:38  SCV  
  15  0:39  Barracks  
  16  0:43  Refinery  
  16  0:50  SCV  
  16  0:52  Refinery  
  17  1:02  SCV  
  18  1:15  SCV  
  19  1:21  Supply Depot  
  19  1:26  Reaper  
  19  1:27  Orbital Command  
  20  1:40  Factory  
  20  1:53  SCV  
  21  1:58  Reaper  
  22  2:05  SCV  
  23  2:17  SCV  
  24  2:24  Command Center  
  24  2:27  Hellion  
  26  2:30  SCV  
  26  2:33  Barracks Reactor  
  27  2:42  Starport  
  27  2:43  SCV  
  28  2:50  Supply Depot  
  28  2:55  Widow Mine  
  28  2:57  SCV  
  31  3:12  SCV, Marine x2  
  34  3:16  Widow Mine  
  36  3:21  Medivac  
  36  3:24  SCV  
  39  3:36  SCV, Marine x2  
  39  3:37  Orbital Command  
  39  3:38  Factory Tech Lab  
  42  3:48  SCV  
  42  3:53  Supply Depot, Marine x2  
  46  4:03  SCV x2  
  46  4:04  Raven  
  46  4:05  Factory Tech Lab  
  46  4:08  Barracks  
  49  4:12  Marine x2  
  52  4:17  Supply Depot, SCV  
  52  4:18  SCV  
  53  4:28  Siege Tank  
  53  4:29  SCV  
  54  4:31  SCV  
  54  4:32  Marine x2  
  54  4:37  Refinery  
  57  4:42  SCV, Bunker  
  57  4:44  SCV  
  59  4:48  Engineering Bay  
  59  4:50  Marine x2  
  61  4:54  SCV  
  61  4:56  SCV  
  63  5:00  Siege Tank  
  63  5:06  SCV  
  65  5:07  Barracks  
  65  5:08  SCV  
  65  5:11  Marine x3  
  69  5:15  Terran Infantry Weapons Level 1  
  69  5:17  Stimpack  
  69  5:19  Supply Depot  
  70  5:28  Starport Reactor  
  70  5:29  Marine x3  
  70  5:30  SCV  
  70  5:31  SCV  
  70  5:33  Refinery  
  74  5:43  SCV x2  
  74  5:46  Marine, Factory Reactor  
  74  5:47  Marine x2  
  78  5:56  SCV x2  
  80  6:00  Supply Depot  
  80  6:02  Supply Depot  
  80  6:05  Marauder  
  80  6:10  Marauder  
  84  6:13  Marine  
  84  6:14  Medivac, Marine  
  84  6:17  Medivac  
  86  6:23  Supply Depot  
  86  6:32  Command Center  
  90  6:33  Widow Mine x2  
  90  6:34  Marauder x2  
  94  6:41  SCV x2  
  96  6:47  Medivac x2  
  96  6:50  Supply Depot  
  100  6:59  Marine x2  
Tags
 
Add a new tag
Caveats
  • Supply blocks, unpowered buildings, or Contaminate may cause inaccurate times.
  • Supply counts are checked every 10 seconds.